 Dungeon Crawl Stone Soup version 0.28-a0-87-g9a7839dea9 (webtiles) character file.

Game seed: 1897536608679769987

277 PentaManta the Cudgeller (level 6, 0/37 HPs)
             Began as a Gargoyle Monk on Aug 6, 2021.
             Killed by nerve-wracking pain
             ... invoked by an orc priest
              (7 damage)
             ... on level 4 of the Dungeon.
             The game lasted 00:05:58 (3790 turns).

PentaManta the Cudgeller (Gargoyle Monk)            Turns: 3790, Time: 00:05:58

Health: 0/37       AC: 14    Str: 17    XL:     6   Next: 25%
Magic:  15/15      EV:  7    Int: 10    God:
Gold:   176        SH:  0    Dex: 12    Spells: 5/5 levels left

rFire   . . .      SeeInvis .   t - +0 whip
rCold   + . .      Faith    .   (no shield)
rNeg    + . .      Spirit   .   k - +0 chain mail
rPois   ∞          Reflect  .   u - +0 helmet
rElec   +          Harm     .   (no cloak)
rCorr   +          Rampage  .   (no gloves)
Will    .....                   r - +0 pair of boots
Stlth   ..........              (no amulet)
HPRegen 0.12/turn               n - ring of resist corrosion
MPRegen 0.14/turn               y - ring "Tuxkut" {rC+ MP+9}

@: mighty
A: sickness immunity, AC +4, negative energy resistance 1, electricity
resistance, torment resistance 1, petrification resistance
a: no special abilities


You were on level 4 of the Dungeon.
You visited 1 branch of the dungeon, and saw 4 of its levels.

You collected 176 gold pieces.

Inventory:

Hand Weapons
 a - a +0 mace
 d - a +1 hunting sling of flaming
 g - a +0 dagger
 t - a +0 whip (weapon)
Missiles
 h - 2 javelins
 p - 37 poisoned darts (quivered)
 w - 8 datura-tipped darts
Armour
 k - a +0 chain mail (worn)
 r - a +0 pair of boots (worn)
 u - a +0 helmet (worn)
 v - a +0 scale mail
Jewellery
 n - a ring of resist corrosion (left hand)
 y - the ring "Tuxkut" (right hand) {rC+ MP+9}
   (You found it on level 4 of the Dungeon)

   [ring of magical power]

   rC:        It protects you from cold.
   MP:        It affects your magic capacity (+9).
Wands
 x - a wand of iceblast (10)
Scrolls
 f - a scroll of identify {unknown}
 i - a scroll of holy word {unknown}
 o - a scroll of noise {unknown}
 q - a scroll of teleportation {unknown}
 s - a scroll of amnesia {unknown}
Potions
 b - a potion of brilliance {unknown}
 e - 2 potions of mutation {unknown}
 j - a potion of cancellation {unknown}
 l - 2 potions of invisibility {unknown}
 m - a potion of berserk rage {unknown}


   Skills:
 - Level 3.2 Fighting
 + Level 6.8 Maces & Flails
 - Level 2.4 Dodging
 - Level 2.1 Stealth


You had 5 spell levels left.
You didn't know any spells.
Your spell library contained the following spells:

 Spells                   Type           Power      Damage    Failure   Level
 Foxfire                  Conj/Fire      0%         2x1d4     100%        1
 Conjure Flame            Conj/Fire      0%         6-21      100%        3
 Inner Flame              Hex/Fire       0%         N/A       100%        3
 Summon Forest            Summ/Tloc      0%         N/A       100%        5
 Eringya's Noxious Bog    Tmut/Pois      0%         N/A       100%        6
 Summon Hydra             Summ           0%         N/A       100%        7


Dungeon Overview and Level Annotations

Branches:
Dungeon (4/15)
 Temple: D:4-7

Altars:

Annotations:
D:1 1 exclusion
D:2 Sigmund


Innate Abilities, Weirdness & Mutations

You are immune to sickness and miasma.
Your stone body is resilient. (AC +4)
You are immune to poison.
You resist negative energy. (rN+)
You are resistant to electric shocks. (rElec)
You are resistant to unholy torment.
You are immune to petrification.


Message History

The hobgoblin hits you but does no damage.
You hit the hobgoblin.
The hobgoblin is almost dead.
The hobgoblin hits you but does no damage.
The orc priest miscasts a cantrip.
You barely miss the hobgoblin.
The hobgoblin is almost dead.
The hobgoblin hits you but does no damage.
You hit the hobgoblin.
You kill the hobgoblin!
A kobold comes into view. It is wielding a +0 short sword.
The orc priest mumbles some strange prayers to Beogh against you.
Beogh smites you! The orc hits you with a +0 hand axe.
You see here a hobgoblin corpse.
You hit the orc priest.
The orc priest is moderately wounded.
The orc priest calls down the wrath of Beogh upon you.
You barely resist. The orc hits you but does no damage.
You hit the orc priest but do no damage.
The orc priest is moderately wounded.
The orc priest barely misses you. The orc hits you with a +0 hand axe.
You barely miss the orc priest.
The orc priest is moderately wounded.
The orc priest hits you but does no damage.
The orc hits you but does no damage.
You hit the orc priest but do no damage.
The orc priest is moderately wounded.
The orc hits you but does no damage.
You hit the orc priest but do no damage.
The orc priest is moderately wounded.
The orc priest mumbles some strange prayers to Beogh against you.
Beogh smites you!
* * * LOW HITPOINT WARNING * * *
The orc hits you with a +0 hand axe.
* * * LOW HITPOINT WARNING * * *
You feel very mighty all of a sudden. The orc hits you but does no damage.
The orc priest calls down the wrath of Beogh upon you.
Pain shoots through your body!
You die...

..................#.#...
........................
...............####.##..
....................##..
.................##.##..
...............#.##.#...
.....K..................
......ooo......#.##.#...
#.#####@#...##......#..#
#.#...####.......#
#.#.<.# ........ #)#...#
....... #.(...# ##.....
..#..## ###### ###...
####


You could see an orc priest, 2 orcs and a kobold.

Vanquished Creatures
  A necrophage (D:4)
  A hound (D:3)
  A bullfrog skeleton (D:4)
  Jessica (D:2)
  5 adders
  A worm (D:3)
  2 orcs
  3 endoplasms
  4 giant cockroaches
  6 goblins
  4 hobgoblins
  6 jackals (D:1)
  7 kobolds
  3 quokkas
  3 ball pythons
  6 bats
  3 frilled lizards (D:1)
  A rat (D:1)
58 creatures vanquished.

Vanquished Creatures (others)
  2 plants (D:3)
2 creatures vanquished.

Grand Total: 60 creatures vanquished

Notes
Turn   | Place    | Note
-------+----------+-------------------------------------------
     0 | D:1      | PentaManta the Gargoyle Monk began the quest for the Orb.
     0 | D:1      | Reached XP level 1. HP: 14/14 MP: 1/1
   192 | D:1      | Reached XP level 2. HP: 19/19 MP: 2/2
   791 | D:1      | Reached skill level 4 in Maces & Flails
   798 | D:1      | Reached XP level 3. HP: 21/23 MP: 3/3
  1855 | D:2      | Noticed Jessica
  1864 | D:2      | Killed Jessica
  1865 | D:2      | Reached XP level 4. HP: 22/28 MP: 4/4
  2003 | D:2      | Noticed Sigmund
  2068 | D:3      | Reached skill level 5 in Maces & Flails
  2496 | D:3      | Found a faded altar of an unknown god.
  2988 | D:3      | Reached XP level 5. HP: 32/32 MP: 5/5
  3273 | D:4      | Noticed a necrophage
  3296 | D:4      | Killed a necrophage
  3297 | D:4      | Reached skill level 6 in Maces & Flails
  3324 | D:3      | Reached XP level 6. HP: 6/37 MP: 6/6
  3616 | D:4      | Identified the ring "Tuxkut" {rC+ MP+9}
  3790 | D:4      | Killed from afar by an orc priest

Illustrated notes

Levels and vault maps discovered:
D:1:      lightli_arrival_statuegarden, layout_loops_corners,
          minmay_statues_item
D:2:      layout_loops_ring, kennysheep_minor_cross, uniq_sigmund, uniq_jessica
D:3:      cheibrodos_old_hovel, layout_loops_ring,
          shapermc_ecumenical_altar_acropolis
D:4:      minmay_wonky_spiral, layout_basic,
          nicolae_hepliaklqana_monster_ancestors, minmay_temple_entry_statues,
          minmay_circle_x

Skill      XL: |  1  2  3  4  5 |
---------------+----------------+-----
Maces & Flails | 4 5 6 |  6.8
Fighting       | |  3.2
Dodging        | |  2.4
Stealth        | |  2.1

Action                   |  1- 3 |  4- 6 || total
-------------------------+-------+-------++-------
Melee: Mace              |    57 |       ||    57
       Dagger            |    63 |    40 ||   103
       Whip              |       |   158 ||   158
Throw: Javelin           |       |     2 ||     2
  Use: Potion            |       |     2 ||     2
 Stab: Sleeping          |     5 |     1 ||     6
Armor: Robe              |     5 |       ||     5
       Leather armour    |    35 |    18 ||    53
       Scale mail        |       |    46 ||    46
       Chain mail        |       |    16 ||    16
Dodge: Dodged            |    80 |    84 ||   164

Table legend: (Time is in decaauts)
 A = Elapsed time spent in this place.
 B = Non-inter-level travel time spent in this place.
 C = Inter-level travel time spent in this place.
 D = Time resting spent in this place.
 E = Time spent auto-exploring this place.
 F = Levels seen in this place.
 G = Mean time per level.
                   A        B        C        D        E       F      G
               +--------+--------+--------+--------+--------+-----+--------+
         Total |   3773 |   3716 |     57 |    424 |   2530 |   4 |  943.2 |
       Dungeon |   3773 |   3716 |     57 |    424 |   2530 |   4 |  943.2 |
               +--------+--------+--------+--------+--------+-----+--------+

Top non-repeatable levels by time:
     D:3: 1474 daAuts
     D:1: 1170 daAuts
     D:2: 879 daAuts
     D:4: 249 daAuts
